 Dungeon Crawl Stone Soup version 0.28-a0-384-g9e0c098162 (webtiles) character file.

Game seed: 5341921201934207541

139169 bande the Severer (level 17, -4/104 HPs)
             Began as a Gargoyle Fighter on Sept 1, 2021.
             Was the Champion of Okawaru.
             Slain by a jumping spider (5 damage)
             ... on level 1 of the Spider Nest on Sept 2, 2021.
             The game lasted 01:24:42 (27980 turns).

bande the Severer (Gargoyle Fighter)               Turns: 27980, Time: 01:24:43

Health: -4/104     AC: 11    Str: 25    XL:     17   Next: 27%
Magic:  25/25      EV: 12    Int: 12    God:    Okawaru [******]
Gold:   1668       SH: 15    Dex: 18    Spells: 14/16 levels left

rFire   . . .      SeeInvis .   t - +2 war axe (flame)
rCold   + + .      Faith    .   c - +1 kite shield
rNeg    + . .      Spirit   .   q - +6 chain mail of Mezcal {+Inv rC- Dex+8}
rPois   ∞          Reflect  .   D - +1 hat
rElec   +          Harm     .   j - +2 cloak {Will+}
rCorr   +          Rampage  +   x - +0 pair of gloves
Will    ++...                   i - +2 pair of boots {rampage}
Stlth   ..........              s - amulet of regeneration
HPRegen 1.27/turn               w - ring of Lineh {rPois rC+ EV+4 Str+2}
MPRegen 0.19/turn               J - ring "Xono Yfo" {Ice Slay+3 Stlth+}

@: resistant, corroded, flying, studying 2 skills
A: sickness immunity, AC +12, big wings, negative energy resistance 1,
electricity resistance, torment resistance 1, petrification resistance
a: Renounce Religion, Evoke Invisibility, Heroism, Finesse, Duel


You were on level 1 of the Spider Nest.
You worshipped Okawaru.
Okawaru was exalted by your worship.
You visited 5 branches of the dungeon, and saw 25 of its levels.
You visited 1 bazaar.
You also visited: Ossuary and Ice Cave.

You collected 2673 gold pieces.
You spent 1005 gold pieces at shops.

Inventory:

Hand Weapons
 t - a +2 war axe of flaming (weapon)
 S - a +2 spectral broad axe
Missiles
 v - a throwing net (quivered)
Armour
 c - a +1 kite shield (worn)
 i - a +2 pair of boots of rampaging (worn)
 j - a +2 cloak of willpower (worn)
 q - the +6 chain mail of Mezcal (worn) {+Inv rC- Dex+8}
   (You bought it in a shop on level 6 of the Dungeon)

   Dex:       It affects your dexterity (+8).
   rC:        It makes you vulnerable to cold.
   +Inv:      It lets you turn invisible.
 x - a +0 pair of gloves (worn)
 D - a +1 hat (worn)
 H - a +0 tower shield
 U - the +1 pair of boots of Nemelex Xobeh's Pride {rPois Dex+2 Stlth+}
   (You bought it in a shop on level 1 of the Orcish Mines)

   Dex:       It affects your dexterity (+2).
   rPois:     It protects you from poison.
   Stlth:     It makes you more stealthy.
 V - the +1 pair of gloves "Voriemih" {rPois Str-5 Int-3 Dex+9}
   (You bought it in a shop on level 2 of the Orcish Mines)

   Str:       It affects your strength (-5).
   Int:       It affects your intelligence (-3).
   Dex:       It affects your dexterity (+9).
   rPois:     It protects you from poison.
Jewellery
 a - a +4 ring of protection
 f - a +4 ring of protection
 k - a ring of protection from fire
 n - a ring of willpower
 p - a ring of ice
 s - an amulet of regeneration (around neck)
 w - the ring of Lineh (left hand) {rPois rC+ EV+4 Str+2}
   (You acquired it on level 10 of the Dungeon)

   [ring of evasion]

   EV:        It affects your evasion (+4).
   Str:       It affects your strength (+2).
   rC:        It protects you from cold.
   rPois:     It protects you from poison.
 E - an amulet of the acrobat
 J - the ring "Xono Yfo" (right hand) {Ice Slay+3 Stlth+}
   (You found it on level 2 of the Lair of Beasts)

   [ring of ice]

   It enhances your ice magic.
   Slay:      It affects your accuracy & damage with ranged weapons and melee
   (+3).
   rF:        It makes you vulnerable to fire.
   rC:        It protects you from cold.
   Stlth:     It makes you more stealthy.
 M - a ring of resist corrosion
 O - a ring of see invisible
 Q - a ring of fire
 T - a +6 ring of intelligence
Wands
 l - a wand of acid (33)
 o - a wand of paralysis (37)
 r - a wand of iceblast (14)
 G - a wand of flame (70)
 L - a wand of polymorph (11)
Scrolls
 e - 2 scrolls of blinking
 h - 6 scrolls of enchant armour
 m - 13 scrolls of identify
 y - 3 scrolls of amnesia
 A - 5 scrolls of fear
 B - 10 scrolls of teleportation
 K - 3 scrolls of enchant weapon
 N - a scroll of fog
 P - a scroll of magic mapping
 R - 3 scrolls of silence
Potions
 d - a potion of curing
 g - 2 potions of mutation
 u - a potion of cancellation
 z - 5 potions of haste
 C - a potion of resistance
 F - 3 potions of brilliance
 I - a potion of invisibility
Miscellaneous
 b - a condenser vane


   Skills:
 + Level 11.3 Fighting
 + Level 15.2 Axes
 + Level 10.1 Armour
 - Level 0.6 Dodging
 - Level 0.1 Stealth
 + Level 14.1 Shields
 * Level 10.2 Translocations
 * Level 10.8 Invocations
 * Level 10.1 Evocations


You had 14 spell levels left.
You knew the following spells:

 Your Spells              Type           Power      Damage    Failure   Level
a - Blink                 Tloc           N/A        N/A       4%          2

Your spell library contained the following spells:

 Spells                   Type           Power      Damage    Failure   Level
 Gell's Gravitas          Tloc           12%        N/A       9%          3
 Lesser Beckoning         Tloc           24%        N/A       9%          3
 Teleport Other           Tloc           24%        N/A       9%          3
 Portal Projectile        Hex/Tloc       24%        N/A       56%         3
 Manifold Assault         Tloc           24%        N/A       61%         5
 Corona                   Hex            0%         N/A       88%         1
 Foxfire                  Conj/Fire      0%         2x1d4     88%         1
 Iskenderun's Mystic Bla  Conj/Tloc      12%        2d5       92%         4
 Corpse Rot               Necr/Air       N/A        N/A       95%         2
 Poisonous Vapours        Pois/Air       0%         N/A       95%         2
 Dazzling Flash           Conj/Hex       0%         N/A       99%         3
 Fulminant Prism          Conj/Hex       0%         3d6       100%        4
 Leda's Liquefaction      Hex/Erth       0%         N/A       100%        4
 Olgreb's Toxic Radiance  Pois           0%         N/A       100%        4
 Petrify                  Tmut/Erth      0%         N/A       100%        4
 Agony                    Necr           0%         N/A       100%        5
 Fireball                 Conj/Fire      0%         3d3       100%        5
 Freezing Cloud           Conj/Ice/Air   0%         6-21      100%        5
 Lee's Rapid Deconstruct  Erth           0%         3d5*      100%        5
 Silence                  Hex/Air        0%         N/A       100%        5
 Ozocubu's Refrigeration  Ice            0%         4d5       100%        7
 Borgnjor's Revivificati  Necr           0%         N/A       100%        8
 Discord                  Hex            0%         N/A       100%        8
 Ignition                 Fire           0%         3d3       100%        8
 Necromutation            Tmut/Necr      0%         N/A       100%        8
 Death's Door             Necr           0%         N/A       100%        9
 Call Canine Familiar     Summ           Unusable   N/A       N/A         3
 Statue Form              Tmut/Erth      Unusable   N/A       N/A         6
 Summon Cactus Giant      Summ           Unusable   N/A       N/A         6

Dungeon Overview and Level Annotations

Branches:
Dungeon (15/15)            Temple (1/1) D:7            Lair (6/6) D:9
 Shoals (0/4) Lair:4       Spider (1/4) Lair:3        Slime (0/5) Lair:6
    Orc (2/2) D:12            Elf (0/3) Orc:2        Vaults (0/5) D:14
 Depths (0/5) D:15        Ossuary (visited)           IceCv (visited)

Altars:
Ashenzari
Cheibriados
Dithmenos
Elyvilon
Fedhas
Gozag
Hepliaklqana
Kikubaaqudgha
Makhleb
Nemelex Xobeh
Okawaru
Qazlal
Ru
Sif Muna
Trog
Uskayaw
Vehumet
Wu Jian
Xom
Yredelemnul
Zin
The Shining One
Beogh

Shops:
D:1 ?   D:6 [*   D:12 *   Orc:1 ?[:*   Orc:2 [((*:

Portals:
Hell: Lair:6
Trove: D:13 (give 4 potions of resistance)

Annotations:
D:3 3 runed translucent doors, frimble's ghost, amateur GnIE
D:7 2 transporters, rogsnak's ghost, novice DjFE
Lair:2 exclusion: oklob plant


Innate Abilities, Weirdness & Mutations

You are immune to sickness and miasma.
Your stone body is resilient. (AC +12)
You are immune to poison.
Your large and strong wings let you fly.
You resist negative energy. (rN+)
You are resistant to electric shocks. (rElec)
You are resistant to unholy torment.
You are immune to petrification.


Message History

You hit the jumping spider but do no damage.
You block the jumping spider's attack. x2; The entropy weaver hits you.
* * * LOW HITPOINT WARNING * * *
The entropy weaver misses you.
The entropy weaver completely misses you.
The entropy weaver hits you but does no damage.
The jumping spider leaps! x2; The jumping spider barely misses you.
You block the jumping spider's attack.
You feel better.
The entropy weaver gestures at you while chanting.
The entropic weave corrodes you!
The jumping spider leaps!
The jumping spider pounces on you but does no damage.
You block the jumping spider's attack.
You feel protected.
The jumping spider leaps!
The entropy weaver casts a spell at you.
The entropic weave corrodes you! You block the jumping spider's attack.
The jumping spider closely misses you. The jumping spider pounces on you.
* * * LOW HITPOINT WARNING * * *
You are caught in a web!
The jumping spider bites you but does no damage.
The entropy weaver hits you but does no damage. x3
The entropy weaver hits you.
* * * LOW HITPOINT WARNING * * *
The jumping spider pounces on you!
* * * LOW HITPOINT WARNING * * *
You are even more entangled.
The jumping spider bites you but does no damage.
The jumping spider closely misses you. The jumping spider bites you.
* * * LOW HITPOINT WARNING * * *
The web tears apart.
You block the jumping spider's attack. The jumping spider closely misses you.
You block the jumping spider's attack. x2
You block the entropy weaver's attack. x2; The entropy weaver hits you.
* * * LOW HITPOINT WARNING * * *
The entropy weaver hits you but does no damage.
You block the jumping spider's attack. The jumping spider bites you.
* * * LOW HITPOINT WARNING * * *
The entropy weaver gestures at you while chanting.
The entropic weave corrodes you! The jumping spider pounces on you.
You die...

.. .......#...
..#.....##.. .# .
..........=.$...##..
#......#..#..#......
.......#........#...
#.^#..s..#..#......
.....#...#........#
..##......#.@....##..
.......#†.Bsss#.#...
#
##..#..†.#........#..
....###..†#..#.#.....
#....#..#.#.#....
....^..^.#..#....#
.............#.#. .
#.###.....#...^#....
. ...##..#.........[


You could see an entropy weaver and 3 jumping spiders.

Vanquished Creatures
  The ghost of Jysajome the Bludgeoner, an adept OgCj of Ashenzari (Lair:4)
  Gastronok (Lair:3)
  Agnes (D:14)
  Kirke (Spider:1)
  An orc warlord (Orc:2)
  A reaper (IceCv)
  Nessos (D:15)
  An entropy weaver (Spider:1)
  Azrael (D:15)
  A yaktaur captain (D:14)
  An anaconda (Lair:6)
  2 boulder beetles
  2 centaur warriors
  10 hydras
  An ogre mage (D:13)
  The ghost of Anuemis the Protected, a journeyman GrGl of Okawaru (Lair:2)
  10 two-headed ogres
  8 death yaks
  A catoblepas (Lair:3)
  3 tengu warriors
  An orc high priest (Orc:2)
  Nergalle (Lair:3)
  A sixfirhy (Lair:6)
  A lindwurm (Lair:2)
  3 orc knights
  A wizard (Lair:6)
  Pikel (D:3)
  5 wolf spiders
  4 orc sorcerers
  An orb spider (Spider:1)
  A deep elf pyromancer (D:14)
  6 cyclopes
  An ugly thing (D:12)
  2 moths of wrath (Lair:2)
  3 manticores
  A salamander (D:15)
  14 elephants
  2 ice statues (IceCv)
  7 black mambas
  A torpor snail (Lair:2)
  2 orange demons (Lair:6)
  A smoke demon (Lair:6)
  2 gargoyles
  12 cane toads
  A komodo dragon (shapeshifter) (D:15)
  9 ice devils
  5 rime drakes
  5 tengu conjurers
  10 komodo dragons
  2 yaktaurs (D:14)
  5 anaconda simulacra (IceCv)
  An efreet (D:15)
  A red devil (Lair:6)
  3 merfolk (Lair:4)
  3 entropy weaver simulacra (IceCv)
  2 polar bears
  4 jumping spiders (Spider:1)
  9 trolls
  A hornet (D:7)
  11 blink frogs
  13 dream sheep (Lair:6)
  A meliai zombie (D:12)
  2 dire elephant simulacra (IceCv)
  3 centaur simulacra
  A redback (shapeshifter) (D:15)
  6 tarantellas (Spider:1)
  A wraith (D:12)
  20 redbacks
  2 humans (Spider:1)
  2 spriggans
  2 shadows (D:11)
  3 wyverns
  2 hogs (Spider:1)
  75 yaks
  7 basilisks
  A fire bat (shapeshifter) (D:13)
  3 wargs
  2 fire elementals (D:15)
  Menkaure (D:7)
  9 vampire mosquitoes
  3 acid dragons
  19 water moccasins
  9 hell hounds
  2 hornet zombies
  An ice beast (D:6)
  29 orc warriors
  A sky beast (D:6)
  3 necrophages
  A black bear (D:7)
  25 wolves
  8 ogres
  4 centaurs
  A phantom (D:5)
  Blork the orc (Orc:2)
  A kobold brigand (D:11)
  16 bullfrogs
  3 scorpions
  2 gnoll sergeants
  2 cane toad simulacra
  An elf skeleton (D:8)
  A wyvern skeleton (D:5)
  2 water moccasin skeletons (D:5)
  2 elephant simulacra (IceCv)
  11 killer bees
  An electric eel (Lair:4)
  5 howler monkeys
  6 centaur zombies
  2 gnoll shamans (D:7)
  A bullfrog skeleton (D:5)
  2 bullfrog zombies (D:6)
  19 orc priests
  3 human zombies (D:8)
  3 centaur skeletons
  Crazy Yiuf (D:3)
  Ijyb (D:3)
  2 iguanas
  31 orc wizards
  2 human skeletons (D:8)
  A troll simulacrum (IceCv)
  3 hell rats (Lair:1)
  8 mummies (Ossuary)
  A howler monkey zombie (D:9)
  27 gnolls
  15 adders
  7 river rats (Lair:1)
  A white imp (IceCv)
  A worm (D:2)
  4 dart slugs
  71 orcs
  9 bats
  6 endoplasms
  5 giant cockroaches
  6 goblins
  12 hobgoblins
  6 quokkas
  3 ball pythons
  2 frilled lizards (D:2)
  A gnoll zombie (Ossuary)
  2 hobgoblin zombies (Ossuary)
  9 kobolds
  2 kobold zombies (Ossuary)
  3 orc zombies (Ossuary)
  8 rats
791 creatures vanquished.

Vanquished Creatures (others)
  A redback (Spider:1)
  A redback (shapeshifter) (D:15)
  2 orc wizards
  An orc (D:3)
  41 fungi
  53 plants
99 creatures vanquished.

Grand Total: 890 creatures vanquished

Notes
Turn   | Place    | Note
-------+----------+-------------------------------------------
     0 | D:1      | bande the Gargoyle Fighter began the quest for the Orb.
     0 | D:1      | Reached XP level 1. HP: 14/14 MP: 1/1
     8 | D:1      | Found a faded altar of an unknown god.
   160 | D:1      | Found Ropneme's Magic Scroll Shoppe.
   381 | D:1      | Reached XP level 2. HP: 19/19 MP: 2/2
  1003 | D:2      | Reached skill level 2 in Axes
  1003 | D:2      | Reached XP level 3. HP: 23/23 MP: 3/3
  1637 | D:2      | Reached XP level 4. HP: 25/28 MP: 4/4
  2035 | D:3      | Found a runed translucent gate.
  2035 | D:3      | Found a runed translucent gate.
  2035 | D:3      | Found a runed translucent gate.
  2044 | D:3      | Noticed frimble's ghost (amateur GnIE)
  2176 | D:3      | Noticed a necrophage
  2193 | D:3      | Killed a necrophage
  2194 | D:3      | Reached skill level 3 in Axes
  2194 | D:3      | Reached XP level 5. HP: 19/33 MP: 5/5
  2780 | D:3      | Reached XP level 6. HP: 25/38 MP: 6/6
  3729 | D:3      | Reached skill level 4 in Axes
  3790 | D:3      | Found a runed translucent door.
  3791 | D:3      | Noticed Crazy Yiuf
  4026 | D:3      | Noticed Ijyb
  4038 | D:3      | Killed Ijyb
  4384 | D:3      | Killed Crazy Yiuf
  4521 | D:3      | Reached skill level 5 in Armour
  4521 | D:3      | Reached XP level 7. HP: 44/44 MP: 7/7
  4727 | D:4      | Noticed Pikel
  4763 | D:3      | Killed Pikel
  4764 | D:3      | Reached skill level 5 in Axes
  4764 | D:3      | Reached skill level 5 in Shields
  4764 | D:3      | Reached skill level 1 in Evocations
  4764 | D:3      | Reached XP level 8. HP: 15/48 MP: 8/8
  5136 | D:4      | Found a glowing silver altar of Zin.
  5144 | D:4      | Learned a level 2 spell: Blink
  5155 | D:4      | Found a hide-covered altar of Uskayaw.
  5324 | D:4      | Found an ancient bone altar of Kikubaaqudgha.
  5396 | D:4      | Found an ornate altar of the Wu Jian Council.
  5479 | D:4      | Found an opulent altar of Gozag.
  5657 | D:4      | Identified the +0 flail of Indignation {distort, rElec rN+
                  | Str+5}
  5671 | D:5      | Entered Level 5 of the Dungeon
  5748 | D:5      | Reached skill level 1 in Translocations
  6794 | D:5      | Reached skill level 5 in Fighting
  6794 | D:5      | Reached skill level 6 in Axes
  7403 | D:6      | Reached XP level 9. HP: 54/54 MP: 9/9
  7526 | D:6      | Found Esutun's Antique Armour Shop.
  7636 | D:6      | Found Zuvotwuh's General Store.
  7640 | D:6      | Bought a bloodstained chain mail for 218 gold pieces
  7640 | D:6      | Identified the +6 chain mail of Mezcal {+Inv rC- Dex+8}
                  | (You bought it in a shop on level 6 of the Dungeon)
  7855 | D:6      | Reached skill level 7 in Axes
  8378 | D:7      | Found a staircase to the Ecumenical Temple.
  8423 | Temple   | Entered the Ecumenical Temple
  8547 | Temple   | Became a worshipper of Warmaster Okawaru
  8730 | D:7      | Found a transporter.
  8730 | D:7      | Noticed rogsnak's ghost (novice DjFE)
  8816 | D:7      | Found a transporter.
  8839 | D:7      | Noticed a hornet
  8855 | D:7      | Killed a hornet
  8856 | D:7      | Reached XP level 10. HP: 60/60 MP: 10/10
  8987 | D:7      | Noticed Menkaure
  8993 | D:7      | Killed Menkaure
  8993 | D:7      | Reached * piety under Okawaru
  9249 | D:8      | Reached skill level 8 in Axes
  9370 | D:8      | Found a sand-covered staircase.
  9379 | Ossuary  | Entered an ossuary
  9440 | Ossuary  | Reached skill level 1 in Invocations
  9618 | D:8      | Identified a scroll of acquirement
  9618 | D:8      | Acquired a +0 broad axe of venom
  9936 | D:8      | Reached ** piety under Okawaru
 10566 | D:9      | Reached skill level 5 in Evocations
 10635 | D:9      | Reached *** piety under Okawaru
 10687 | D:9      | Found a sacrificial altar of Ru.
 10797 | D:9      | Found a snail-covered altar of Cheibriados.
 10928 | D:9      | Found a sparkling altar of Nemelex Xobeh.
 10957 | D:9      | Found a radiant altar of Vehumet.
 11004 | D:9      | Found a staircase to the Lair.
 11012 | D:9      | Reached XP level 11. HP: 64/64 MP: 13/13
 11170 | Lair:1   | Entered Level 1 of the Lair of Beasts
 11216 | Lair:1   | Reached skill level 9 in Axes
 11216 | Lair:1   | Reached skill level 5 in Translocations
 11268 | Lair:1   | Reached **** piety under Okawaru
 11296 | Lair:1   | Noticed a seven-headed hydra
 11319 | Lair:1   | Killed a one-headed hydra
 11681 | Lair:1   | Noticed a seven-headed hydra
 11693 | Lair:1   | Killed a one-headed hydra
 12069 | Lair:1   | Reached ***** piety under Okawaru
 12500 | Lair:2   | Reached skill level 10 in Axes
 12500 | Lair:2   | Reached skill level 5 in Invocations
 12500 | Lair:2   | Reached XP level 12. HP: 72/72 MP: 15/15
 12747 | Lair:2   | Found a transporter.
 12754 | Lair:2   | Noticed Anuemis's ghost (journeyman GrGl)
 12812 | Lair:2   | Noticed a death yak
 12813 | Lair:2   | Noticed a death yak
 12831 | Lair:2   | Killed a death yak
 12842 | Lair:2   | Killed a death yak
 12874 | Lair:2   | Found a transporter.
 12950 | Lair:2   | Noticed a four-headed hydra
 12960 | Lair:2   | Killed a one-headed hydra
 12960 | Lair:2   | Reached ****** piety under Okawaru
 13668 | Lair:2   | Received a gift from Okawaru
 13676 | Lair:2   | Killed Anuemis's ghost
 13677 | Lair:2   | Reached skill level 11 in Axes
 13803 | Lair:2   | Identified the ring "Xono Yfo" {Ice Slay+3 Stlth+}
 13944 | Lair:3   | Noticed Nergalle
 13957 | Lair:3   | Killed Nergalle
 13958 | Lair:3   | Reached XP level 13. HP: 67/78 MP: 17/17
 13975 | Lair:3   | Noticed Gastronok
 14000 | Lair:3   | Killed Gastronok
 14157 | Lair:3   | Got Sif Muna's Catalogue of Captivating Shape Shifting
 14203 | Lair:3   | Found a hole to the Spider Nest.
 14291 | Lair:2   | Identified the +6 lajatang "Jaulus" {antimagic, rPois
                  | Dex+4} (Okawaru gifted it to you on level 2 of the Lair of
                  | Beasts)
 14291 | Lair:2   | Received a gift from Okawaru
 14292 | Lair:2   | Reached skill level 10 in Shields
 14642 | Lair:3   | Reached skill level 12 in Axes
 14703 | Lair:3   | Received a gift from Okawaru
 15147 | Lair:4   | Reached skill level 13 in Axes
 15147 | Lair:4   | Gained mutation: Your large and strong wings let you fly.
                  | [Gargoyle growth]
 15147 | Lair:4   | Reached XP level 14. HP: 84/84 MP: 19/19
 15157 | Lair:4   | Found a runed translucent door.
 15173 | Lair:4   | Noticed Jysajome's ghost (adept OgCj)
 15316 | Lair:4   | Acquired a ring of see invisible
 15318 | Lair:4   | Acquired a manual of Shields
 15719 | Lair:4   | Found a staircase to the Shoals.
 16186 | Lair:4   | Killed Jysajome's ghost
 16187 | Lair:4   | Reached XP level 15. HP: 36/89 MP: 17/21
 17130 | Lair:6   | Entered Level 6 of the Lair of Beasts
 17191 | Lair:6   | Found a frozen archway.
 17236 | IceCv    | Entered an ice cave
 17390 | IceCv    | Received a gift from Okawaru
 18018 | IceCv    | HP: 2/90 [dire elephant simulacrum (24)]
 18622 | IceCv    | HP: 2/90 [reaper (17)]
 19052 | Lair:6   | Found a burning altar of Makhleb.
 19066 | Lair:6   | Reached skill level 14 in Axes
 19263 | Lair:6   | Received a gift from Okawaru
 19785 | Lair:6   | Received a gift from Okawaru
 19975 | Lair:6   | Found a staircase to the Slime Pits.
 20123 | Lair:6   | Found a gateway to Hell.
 20358 | D:10     | Entered Level 10 of the Dungeon
 20371 | D:10     | Found a bloodstained altar of Trog.
 20372 | D:10     | Acquired the ring of Lineh {rPois rC+ EV+4 Str+2}
 20400 | D:10     | Reached skill level 10 in Fighting
 20400 | D:10     | Reached XP level 16. HP: 97/97 MP: 23/23
 20547 | D:10     | Identified the +1 leather armour of Darkness {Will+}
 20566 | D:10     | Found a blossoming altar of Fedhas.
 20705 | D:10     | You are sucked into a shaft and drop 1 floor!
 20719 | D:11     | Found a flickering gateway to a bazaar.
 20770 | D:11     | You are sucked into a shaft and drop 3 floors!
 21000 | Bazaar   | Entered a bazaar
 21000 | Bazaar   | Found Jatsohim's Antique Weapon Boutique.
 21000 | Bazaar   | Found Othiejif's Armour Shoppe.
 21000 | Bazaar   | Found Hiptiel's Antique Armour Shop.
 21000 | Bazaar   | Found Evealode's Antique Weapon Shoppe.
 21005 | Bazaar   | Found Aridut's Armour Shop.
 21005 | Bazaar   | Found Bela's Book Emporium.
 21064 | Bazaar   | Bought a +2 pair of boots of rampaging for 236 gold pieces
 22177 | D:12     | Found a staircase to the Orcish Mines.
 22252 | D:12     | Found Cumub's General Store.
 22491 | D:12     | Found a basalt altar of Yredelemnul.
 23111 | D:13     | Reached skill level 10 in Invocations
 23329 | D:13     | Found a portal to a secret trove of treasure.
 23477 | D:14     | Received a gift from Okawaru
 23537 | D:14     | Found a gate to the Vaults.
 23935 | D:14     | Noticed Agnes
 23965 | D:14     | Killed Agnes
 24327 | D:15     | Entered Level 15 of the Dungeon
 24383 | D:15     | Noticed Nessos
 24427 | D:15     | Killed Nessos
 24600 | D:15     | Noticed Azrael
 24614 | D:15     | Killed Azrael
 24943 | D:15     | Reached skill level 10 in Armour
 25380 | D:15     | Found a staircase to the Depths.
 25543 | Orc:1    | Entered Level 1 of the Orcish Mines
 25611 | Orc:1    | Found Xelizxit's Assorted Antiques.
 25691 | Orc:1    | Found Ogossuz's Antique Armour Boutique.
 25715 | Orc:1    | Found Vuihysku's Magic Scroll Shop.
 25719 | Orc:1    | Bought a pair of jewelled boots for 304 gold pieces
 25719 | Orc:1    | Identified the +1 pair of boots of Nemelex Xobeh's Pride
                  | {rPois Dex+2 Stlth+} (You bought it in a shop on level 1 of
                  | the Orcish Mines)
 25782 | Orc:1    | Found Qanloshi's Book Shop.
 26026 | Orc:2    | Entered Level 2 of the Orcish Mines
 26058 | Orc:2    | Reached skill level 10 in Translocations
 26341 | Orc:2    | Found a staircase to the Elven Halls.
 26405 | Orc:2    | Reached skill level 15 in Axes
 26405 | Orc:2    | Reached XP level 17. HP: 104/104 MP: 24/24
 26496 | Orc:2    | Found Apnoin's Antique Weapon Shoppe.
 26539 | Orc:2    | Noticed Blork the orc
 26562 | Orc:2    | Killed Blork the orc
 26717 | Orc:2    | Received a gift from Okawaru
 26891 | Orc:2    | Found Wyun Uju's Antique Armour Boutique.
 26917 | Orc:2    | Found Zeus's Antique Weapon Boutique.
 26979 | Orc:2    | Bought a pair of spiked gloves for 247 gold pieces
 26979 | Orc:2    | Identified the +1 pair of gloves "Voriemih" {rPois Str-5
                  | Int-3 Dex+9} (You bought it in a shop on level 2 of the
                  | Orcish Mines)
 26988 | Orc:2    | Found Hexe's General Store.
 27004 | Orc:2    | Found Enucaduf's Book Boutique.
 27803 | Spider:1 | Entered Level 1 of the Spider Nest
 27803 | Spider:1 | Noticed Kirke
 27820 | Spider:1 | Reached skill level 10 in Evocations
 27824 | Spider:1 | Killed Kirke
 27894 | Spider:1 | Upgraded the game from 0.28-a0-313-gbc0475efdd to
                  | 0.28-a0-381-g937acc2988
 27934 | Spider:1 | Upgraded the game from 0.28-a0-381-g937acc2988 to
                  | 0.28-a0-384-g9e0c098162
 27978 | Spider:1 | HP: 5/104 [jumping spider (12)]
 27980 | Spider:1 | HP: 1/104 [jumping spider (3)]
 27980 | Spider:1 | Slain by a jumping spider

Illustrated notes

Levels and vault maps discovered:
D:1:      eino_arrival_water_cross, layout_basic, ebering_ecumenical_altar_box,
          serial_shops, shop
D:2:      wad_lake_hut, layout_basic
D:3:      layout_basic, ebering_ghost_rock_garden, minmay_misc_feat_cross,
          minmay_misc_feat_encased, chequers_mini_garden, serial_bayou_pond_c,
          uniq_crazy_yiuf_cottage, uniq_ijyb
D:4:      layout_cave_pools, old_standard_altar, mainiacjoe_overflow_chevrons,
          nicolae_overflow_hidden_temple, mainiacjoe_overflow_alcove_4,
          abandoned_shop, hangedman_decor_riveting, uniq_pikel
D:5:      layout_cave_pods, serial_co_window_serial, co_window_corner_a,
          co_window_paths_b, co_window_paths_a, co_window_paths_a,
          co_window_of_opportunity_a, co_window_corner_a, co_window_paths_b,
          co_window_broadway_a, co_window_2corner, co_window_corner_b,
          co_window_paths_c, co_window_paths_d, glass_columns_a,
          glass_columns_b, glass_columns_b
D:6:      layout_rooms, nicolae_wooded_promenade
D:7:      layout_basic, minmay_temple_entry_wispy, gammafunk_ghost_mausoleum,
          grunt_ministairs_15, uniq_menkaure
D:8:      layout_cave_pods, nicolae_ossuary_entry_catacombs,
          minmay_misc_feat_room, grunt_ministairs_13
D:9:      layout_cave_pools, nicolae_ru_awakened_eye,
          mainiacjoe_overflow_concentric_impassable, lemuel_tele_altar,
          nemelex_spade_bored_becter, grunt_lair_entry_orc_guard_hut,
          kennysheep_generic_room_15
D:10:     layout_rooms, bloody_trog, lemuel_doored_altar, grunt_ministairs_12
D:11:     layout_gridville, serial_shops, bzr_entry_gold
D:12:     layout_rooms, david_orc_4, serial_shops, shop,
          lemuel_zombie_altar_yredelemnul
D:13:     layout_rooms, trove_entry_hex_spiral, drop_trap,
          amcnicky_mini_pool_small
D:14:     layout_loops_ring, david_vaults_2, enter_bailey_2, the_hattery,
          uniq_agnes
D:15:     hangedman_depths_entry_try_elsewhere_first, layout_basic, uniq_azrael,
          uniq_nessos
Temple:   compressed_dpeg_circular_temple
Lair:1:   layout_cave_pods, kennysheep_abandoned_house, grunt_megastairs_2,
          infiniplex_staircase_pool, lemuel_fruit_tree
Lair:2:   layout_layer_cave, gammafunk_ghost_berserking_beasts,
          chequers_serial_rivers_micro_a, grunt_forest_large_clearing_hut,
          grunt_megastairs_4, minmay_lair_oklob_chamber,
          infiniplex_staircase_pool_2
Lair:3:   layout_regular_city, spider_nest_entry_webs, grunt_megastairs_5,
          uniq_gastronok, uniq_nergalle
Lair:4:   layout_regular_city, elwin_shoals_entry_rooms,
          hellmonk_ghost_happy_afterlife, chequers_serial_rivers_micro_e,
          serial_bayou_pond_c
Lair:5:   layout_regular_city
Lair:6:   evil_forest, layout_layer_cave, dpeg_slime_entry_corner,
          portal_ice_cave_entry_ice_simulacra
Spider:1: layout_spider_delve, nicolae_spider_not_touching_you, uniq_kirke,
          uniq_asterion
Orc:1:    layout_caves, serial_shops, shop_fountains, nicolae_shop_crystal,
          nicolae_diamond_shop, shop
Orc:2:    grunt_orc_cross, layout_caves, serial_shops, nicolae_shop_statue_plus

Skill      XL: |  1  2  3  4  5  6  7  8  9 10 11 12 13 14 15 16 17 |
---------------+----------------------------------------------------+-----
Axes           | 2 3 4 5 6 7 8 10 11 13 14 15 | 15.2
Armour         | 4 5 6 7 8 9 10 | 10.1
Shields        | 4 5 6 7 8 9 10 12 13 14 | 14.1
Fighting       | 4 5 6 7 8 10 11 | 11.3
Evocations     | 1 2 4 5 6 7 8 9 10 | 10.1
Translocations | 2 3 4 5 7 8 9 10 | 10.2
Invocations    | 3 5 6 7 8 9 10 | 10.8
Dodging        | |  0.6
Stealth        | |  0.1

Action                   |  1- 3 |  4- 6 |  7- 9 | 10-12 | 13-15 | 16-18 || total
-------------------------+-------+-------+-------+-------+-------+-------++-------
Melee: War axe           |   103 |   212 |   102 |   716 |   887 |   859 ||  2879
       Hand axe          |       |       |   305 |       |       |       ||   305
Invok: Heroism           |       |       |       |     1 |     2 |     2 ||     5
  Use: Scroll            |     5 |     3 |     6 |     9 |     9 |     2 ||    34
       Potion            |       |     1 |     5 |       |     9 |     6 ||    21
 Stab: Distracted        |       |       |       |       |       |     1 ||     1
Armor: Scale mail        |    45 |       |       |       |       |       ||    45
       Chain mail        |    27 |   142 |   328 |   500 |   605 |   512 ||  2114
Dodge: Dodged            |    41 |    61 |   116 |   210 |   238 |   365 ||  1031
Block: Kite shield       |    62 |   115 |   232 |   560 |   650 |   658 ||  2277

Table legend: (Time is in decaauts)
 A = Elapsed time spent in this place.
 B = Non-inter-level travel time spent in this place.
 C = Inter-level travel time spent in this place.
 D = Time resting spent in this place.
 E = Time spent auto-exploring this place.
 F = Levels seen in this place.
 G = Mean time per level.
                   A        B        C        D        E       F      G
               +--------+--------+--------+--------+--------+-----+--------+
         Total |  28244 |  27588 |    656 |   4275 |  14753 |  28 | 1008.7 |
       Dungeon |  16687 |  16177 |    510 |   2597 |   8955 |  15 | 1112.5 |
        Temple |    160 |    160 |      0 |      0 |     86 |   1 |  160.0 |
          Lair |   7587 |   7441 |    146 |    438 |   4621 |   6 | 1264.5 |
   Spider Nest |    151 |    151 |      0 |     14 |     15 |   1 |  151.0 |
  Orcish Mines |   1726 |   1726 |      0 |    157 |    838 |   2 |  863.0 |
        Bazaar |     85 |     85 |      0 |      0 |      0 |   1 |   85.0 |
       Ossuary |    208 |    208 |      0 |      0 |    103 |   1 |  208.0 |
      Ice Cave |   1638 |   1638 |      0 |   1069 |    135 |   1 | 1638.0 |
               +--------+--------+--------+--------+--------+-----+--------+

Top non-repeatable levels by time:
     D:3: 2367 daAuts
     D:2: 1939 daAuts
   IceCv: 1638 daAuts
     D:5: 1609 daAuts
  Lair:2: 1587 daAuts
  Lair:1: 1396 daAuts
  Lair:6: 1371 daAuts
  Lair:3: 1228 daAuts
   Orc:2: 1177 daAuts
     D:8: 1138 daAuts
    D:15: 1117 daAuts
  Lair:4: 1115 daAuts
    D:12: 1014 daAuts
     D:6: 955 daAuts
     D:1: 945 daAuts
